 Dungeon Sprint DCSS version 0.31-a0-632-g766dd24fdf (webtiles) character file.

Game seed: 5645989593267602525

798 sircluck the Grappler (level 7, -10/78 HPs)
             Began as a Troll Fighter on Aug 25, 2023.
             Was a Believer of Uskayaw.
             Mangled by a death knight
             ... wielding a +0 broad axe
              (27 damage)
             ... in the Dungeon (Sprint IX: "|||||||||||||||||||||||||||||").
             The game lasted 00:00:39 (166 turns).

sircluck the Grappler (Troll Fighter)                Turns: 166, Time: 00:00:40

Health: -10/78     AC:  7    Str: 27    XL:     7   Next: 58%
Magic:  6/6        EV: 11    Int:  4    God:    Uskayaw [**....]
Gold:   0          SH: 10    Dex: 12    Spells: 6/6 levels left

rFire   . .          .
                       - Unarmed
rCold   . . .        b - +0 kite shield
rNeg    . . .        a - +0 robe
rPois   .            (helmet restricted)
rElec   .            m - +0 cloak
rCorr   .            (gloves unavailable)
SInv    .            (boots unavailable)
Will    .....        (no amulet)
Stlth   +            n - +2 ring of protection
HPRegen 1.13/turn    o - +3 ring of dexterity
MPRegen 0.10/turn

%: no teleportation
@: no status effects
A: large, unfitting armour, claws 3, regeneration 1, shaggy fur 1, tough skin 1
a: Renounce Religion, Stomp, Line Pass


You were in the Dungeon.
You worshipped Uskayaw.
Uskayaw was noncommittal.
You visited 1 branch

Inventory:

Armour
 a - a +0 robe (worn)
 b - a +0 kite shield (worn)
 m - a +0 cloak (worn)
Jewellery
 n - a +2 ring of protection (left claw)
 o - a +3 ring of dexterity (right claw)
Wands
 l - a wand of iceblast (10)
Scrolls
 i - 2 scrolls of blinking
 k - 2 scrolls of amnesia
Potions
 c - a potion of might
 d - 5 potions of curing
 e - 3 potions of heal wounds
 f - a potion of haste
 g - 4 potions of magic
 j - a potion of invisibility


   Skills:
 + Level 7.5 Fighting
 + Level 7.5 Dodging
 + Level 8.2 Shields
 + Level 8.7 Unarmed Combat


You had 6 spell levels left.
You didn't know any spells.
Your spell library was empty.

Dungeon Overview and Level Annotations

Branches:
Dungeon (1/1)

Altars:
Cheibriados
Dithmenos
Elyvilon
Fedhas
Gozag
Hepliaklqana
Kikubaaqudgha
Makhleb
Nemelex Xobeh
Okawaru
Qazlal
Ru
Sif Muna
Trog
Uskayaw
Vehumet
Wu Jian
Xom
Yredelemnul
Zin
The Shining One
Jiyva
Lugonu


Innate Abilities, Weirdness & Mutations

You are too large for most types of armour.
You have claws for hands.
Your natural rate of healing is unusually fast.
You are covered in fur. (AC +1)
You have tough skin. (AC +1)


Message History

Your Shields skill increases to level 8!
Things that are here:
a +0 short sword; a curare-tipped dart
Things that are here:
a +0 dagger; a +0 robe; an orc corpse You start resting.
You feel yourself speed up.
You start resting.
HP restored.
You start waiting.
You recover from your berserk rage.
You open the door.
A troll, a slime creature, a gargoyle, a centaur warrior, a brown ugly thing and a death knight come into view.
The gargoyle is wielding a +1 mace of draining.
The death knight shouts!
The brown ugly thing gurgles horribly!
You scratch the death knight but do no damage.
The troll shouts!
The death knight hits you with a +0 broad axe!!
You barely miss the death knight.
The death knight hits you with a +0 broad axe!
You closely miss the death knight. You block the death knight's attack.
You barely miss the death knight. You block the death knight's attack.
You claw the death knight!
The death knight is lightly wounded.
You claw the death knight!
The death knight is moderately wounded.
You block the death knight's attack.
You claw the death knight!
The death knight is heavily wounded.
You block the death knight's attack.
You can now pass through a line of other dancers.
You claw the death knight!
The death knight is severely wounded.
The death knight hits you with a +0 broad axe!!
* * * LOW HITPOINT WARNING * * *
You barely miss the death knight.
The death knight is severely wounded.
The death knight hits you with a +0 broad axe!!
You die...

▓.▓
▓T▓
▓9▓
▓J▓
▓c▓
▓u▓
▓p▓
▓@▓
▓.▓
▓.▓
▓.▓
▓)▓
▓)▓
▓'▓
▓.▓
▓.▓


You could see a death knight, a brown ugly thing, a slime creature, a centaur
warrior, a troll and a gargoyle.

Vanquished Creatures
  A troll (D)
  A yak (D)
  A vampire mosquito (D)
  A black bear (D)
  A kobold brigand (D)
  A killer bee (D)
  A hound (D)
  An iguana (D)
  An orc wizard (D)
  2 adders (D)
  A bat (D)
  2 hobgoblins (D)
  A quokka (D)
  A ball python (D)
16 creatures vanquished.

Notes
Turn   | Place    | Note
-------+----------+-------------------------------------------
     0 | D        | sircluck the Troll Fighter began the quest for the Orb.
     0 | D        | Reached XP level 1. HP: 22/22 MP: 0/0
    24 | D        | Noticed a hound
    24 | D        | Noticed an iguana
    24 | D        | Noticed a black bear
    29 | D        | Killed a black bear
    30 | D        | Reached XP level 2. HP: 32/32 MP: 1/1
    30 | D        | Reached XP level 3. HP: 39/39 MP: 2/2
    30 | D        | Reached XP level 4. HP: 48/48 MP: 3/3
    37 | D        | Reached skill level 5 in Shields
    37 | D        | Reached skill level 5 in Unarmed Combat
    43 | D        | Reached skill level 5 in Fighting
    43 | D        | Reached skill level 5 in Dodging
    43 | D        | Reached XP level 5. HP: 38/57 MP: 4/4
    49 | D        | Found a snail-covered altar of Cheibriados.
    49 | D        | Found a shadowy altar of Dithmenos.
    49 | D        | Found a white marble altar of Elyvilon.
    49 | D        | Found a blossoming altar of Fedhas.
    49 | D        | Found an opulent altar of Gozag.
    50 | D        | Found a hazy altar of Hepliaklqana.
    51 | D        | Found a viscous altar of Jiyva.
    52 | D        | Found an ancient bone altar of Kikubaaqudgha.
    53 | D        | Found a corrupted altar of Lugonu.
    54 | D        | Found a burning altar of Makhleb.
    55 | D        | Found a sparkling altar of Nemelex Xobeh.
    56 | D        | Found an iron altar of Okawaru.
    57 | D        | Found a stormy altar of Qazlal.
    58 | D        | Found a sacrificial altar of Ru.
    59 | D        | Found a shimmering blue altar of Sif Muna.
    60 | D        | Found a bloodstained altar of Trog.
    61 | D        | Found a hide-covered altar of Uskayaw.
    62 | D        | Found a radiant altar of Vehumet.
    63 | D        | Found an ornate altar of the Wu Jian Council.
    64 | D        | Found a shimmering altar of Xom.
    65 | D        | Found a basalt altar of Yredelemnul.
    66 | D        | Found a glowing silver altar of Zin.
    67 | D        | Found a glowing golden altar of the Shining One.
    69 | D        | Became a worshipper of Uskayaw the Reveller
   102 | D        | Noticed a vampire mosquito
   102 | D        | Noticed a yak
   102 | D        | Noticed a troll
   108 | D        | Reached * piety under Uskayaw
   111 | D        | Reached ** piety under Uskayaw
   113 | D        | Killed a troll
   114 | D        | Reached XP level 6. HP: 40/68 MP: 5/5
   115 | D        | Reached *** piety under Uskayaw
   116 | D        | Killed a yak
   116 | D        | Reached **** piety under Uskayaw
   117 | D        | Reached XP level 7. HP: 47/76 MP: 6/6
   120 | D        | Killed a vampire mosquito
   157 | D        | Noticed a troll
   157 | D        | Noticed a slime creature
   157 | D        | Noticed a gargoyle
   157 | D        | Noticed a centaur warrior
   157 | D        | Noticed a brown ugly thing
   157 | D        | Noticed a death knight
   166 | D        | Mangled by a death knight

Illustrated notes

Levels and vault maps discovered:
D:        linesprint [early_d, line_temple, items_1, d_10, items_2, lair_1,
          lair_end, items_3, orc_1, orc_end, items_4, d_15, swamp_1, shoals_1,
          snake_1, spider_1, d_20, vaults_1, items_5, swamp_end, shoals_end,
          snake_end, spider_end, vaults_end, d_27, items_6, zot_1, zot_end,
          crypt_end, forest_end, elf_end, slime_end, tomb_end, abyss_end,
          pan_hell_end]

Skill      XL: |  1  2  3  4  5  6  7 |
---------------+----------------------+-----
Shields        | 4 5 7 8 |  8.2
Fighting       | 4 5 6 7 |  7.5
Dodging        | 4 5 6 7 |  7.5
Unarmed Combat | 4 5 7 8 |  8.7

Action                     |  1- 3 |  4- 6 |  7- 9 || total
---------------------------+-------+-------+-------++-------
  Melee: Unarmed           |    19 |    26 |    12 ||    57
    Use: Potion            |       |     1 |       ||     1
   Stab: Paralysed         |       |     1 |       ||     1
 Armour: Robe              |     8 |     4 |       ||    12
  Dodge: Dodged            |     9 |     5 |       ||    14
  Block: Kite shield       |     5 |     8 |     5 ||    18

Table legend: (Time is in decaauts)
 A = Elapsed time spent in this place.
 B = Non-inter-level travel time spent in this place.
 C = Inter-level travel time spent in this place.
 D = Time resting spent in this place.
 E = Time spent auto-exploring this place.
 F = Levels seen in this place.
 G = Mean time per level.
                   A        B        C        D        E       F      G
               +--------+--------+--------+--------+--------+-----+--------+
         Total |    172 |    172 |      0 |     37 |      0 |   1 |  172.0 |
       Dungeon |    172 |    172 |      0 |     37 |      0 |   1 |  172.0 |
               +--------+--------+--------+--------+--------+-----+--------+

Top non-repeatable levels by time:
       D: 172 daAuts
